 Dungeon Sprint DCSS version 0.28.0-53-g5a82cb258f (webtiles) character file.

Game seed: 11154267560679259715

9 Arandomuser85 the Merchant of Misery (level 2, -1/22 HPs)
             Began as a Deep Elf Necromancer on May 26, 2022.
             Was a Believer of Kikubaaqudgha.
             Slain by a gnoll
             ... wielding a +0 spear
              (10 damage)
             ... in the Dungeon (Sprint VII: "The Pits").
             The game lasted 00:01:24 (535 turns).

Arandomuser85 the Merchant of Misery (DENe)          Turns: 535, Time: 00:01:24

Health: -1/22      AC:  2    Str:  5    XL:     2   Next: 6%
Magic:  7/8        EV: 13    Int: 19    God:    Kikubaaqudgha [**....]
Gold:   0          SH:  0    Dex: 15    Spells: 4/8 levels left

rFire   . . .      SeeInvis .   c - +0 short sword (freeze)
rCold   . . .      Faith    .   (no shield)
rNeg    . . .      Spirit   .   a - +0 robe
rPois   .          Reflect  .   (no helmet)
rElec   .          Harm     .   (no cloak)
rCorr   .          Rampage  .   (no gloves)
Will    .....      NoTele   +   (no boots)
Stlth   ..........              (no amulet)
HPRegen 0.07/turn               (no ring)
MPRegen 0.11/turn               (no ring)

@: berserking, very quick
A: no striking features
a: Renounce Religion, Receive Corpses


You were in the Dungeon.
You worshipped Kikubaaqudgha.
Kikubaaqudgha was pleased with you.
You visited 1 branch

Inventory:

Hand Weapons
 c - a +0 short sword of freezing (weapon)
 k - a +2 dagger
Armour
 a - a +0 robe (worn)
Scrolls
 g - a scroll of blinking
 i - 5 scrolls of amnesia
 j - a scroll of summoning
Potions
 b - a potion of curing
 d - a potion of haste
 e - 4 potions of magic
 f - a potion of berserk rage
 h - 2 potions of invisibility


   Skills:
 + Level 2.8 Dodging
 + Level 2.9 Stealth
 + Level 3.5 Spellcasting
 + Level 6.4 Necromancy


You had 4 spell levels left.
You knew the following spells:

 Your Spells              Type           Power      Damage    Failure   Level
a - Pain                  Necr           100%       1d9       1%          1
b - Animate Skeleton      Necr           54%        N/A       1%          1
c - Sublimation of Blood  Necr           27%        N/A       1%          2

Your spell library contained the following spells:

 Spells                   Type           Power      Damage    Failure   Level
 Vampiric Draining        Necr           27%        2d7       3%          3
 Animate Dead             Necr           13%        N/A       11%         4
 Agony                    Necr           27%        N/A       28%         5


Dungeon Overview and Level Annotations

Branches:
Dungeon (1/1)

Altars:
Ashenzari
Cheibriados
Dithmenos
Elyvilon
Fedhas
Gozag
Hepliaklqana
Kikubaaqudgha
Makhleb
Nemelex Xobeh
Okawaru
Qazlal
Ru
Sif Muna
Trog
Uskayaw
Vehumet
Wu Jian
Xom
Yredelemnul
Zin
The Shining One
Beogh
Jiyva
Lugonu


Message History

You hit the jackal.
You kill the jackal!
Kikubaaqudgha accepts your kill.
Things that are here:
a jackal corpse; a jackal corpse You feel a strong urge to attack something.
You are no longer berserk.
You are exhausted.
You feel yourself slow down.
You feel yourself speed up.
You recover from your berserk rage.
There is an open door here.
You see here a +0 short sword of freezing.
Your +0 short sword of freezing glows with a cold blue light!
c - a +0 short sword of freezing (weapon)
Memorise Sublimation of Blood, consuming 2 spell levels and leaving 4?
You start memorising the spell.
You continue memorising. x2
You finish memorising.
Spell assigned to 'c'.
As you open the door, it creaks loudly!
An orc and a giant cockroach zombie come into view.
You hear a shout!
The orc shouts!
A gnoll comes into view. It is wielding a +0 spear.
A hobgoblin comes into view.
The orc moves out of view.
The gnoll completely misses you.
There is an open door here.
Aiming: Pain (safe; 1% risk of failure)
Press: ? - help, Q - select action, (/) - cycle Shift-Dir - straight line, f - gnoll
Aim: a gnoll, wielding a +0 spear (chance to affect: 88%)
The gnoll barely resists.
The gnoll hits you with a +0 spear.
Unknown command.
The gnoll hits you from afar with a +0 spear.
A red film seems to cover your vision as you go berserk!
You feel yourself moving faster!
You feel mighty! The gnoll completely misses you. The orc barely misses you.
You completely miss the orc. Your punch misses the orc.
The gnoll hits you from afar with a +0 spear!
You die...
Kikubaaqudgha rasps: "You have failed me!
Welcome... death!"

##########'##...........
#.?(.')))'.##......#..#.
##########.##...........
#...........'...........
#+#####+#####......#..#.
#...†.##...........
#####'#####'#####++
#.....##.......#
#..@..##.......#
###o####.......#
#.Zgg.##...<...#
........##.......#
#........##.......#
###########.......#
#########


You could see a gnoll, an orc, a giant cockroach zombie and a hobgoblin.

Vanquished Creatures
  A ball python (D)
  A hobgoblin (D)
  4 jackals (D)
  A bat (D)
  A kobold (D)
8 creatures vanquished.

Notes
Turn   | Place    | Note
-------+----------+-------------------------------------------
     0 | D        | Arandomuser85 the Deep Elf Necromancer began the quest for
                  | the Orb.
     0 | D        | Reached XP level 1. HP: 10/10 MP: 6/6
    23 | D        | Reached skill level 5 in Necromancy
    26 | D        | Found a bloodstained altar of Trog.
    26 | D        | Found a shimmering blue altar of Sif Muna.
    26 | D        | Found a viscous altar of Jiyva.
    26 | D        | Found a hazy altar of Hepliaklqana.
    26 | D        | Found an opulent altar of Gozag.
    27 | D        | Found a glowing golden altar of the Shining One.
    27 | D        | Found a glowing silver altar of Zin.
    27 | D        | Found a basalt altar of Yredelemnul.
    27 | D        | Found a shimmering altar of Xom.
    27 | D        | Found an ornate altar of the Wu Jian Council.
    27 | D        | Found a sacrificial altar of Ru.
    27 | D        | Found a stormy altar of Qazlal.
    27 | D        | Found an iron altar of Okawaru.
    27 | D        | Found a sparkling altar of Nemelex Xobeh.
    27 | D        | Found a burning altar of Makhleb.
    27 | D        | Found a blossoming altar of Fedhas.
    27 | D        | Found a white marble altar of Elyvilon.
    27 | D        | Found a shadowy altar of Dithmenos.
    27 | D        | Found a snail-covered altar of Cheibriados.
    29 | D        | Found a radiant altar of Vehumet.
    29 | D        | Found a corrupted altar of Lugonu.
    30 | D        | Found a hide-covered altar of Uskayaw.
    30 | D        | Found an ancient bone altar of Kikubaaqudgha.
    30 | D        | Found a broken altar of Ashenzari.
    39 | D        | Became a worshipper of Kikubaaqudgha
   378 | D        | Learned a level 1 spell: Animate Skeleton
   379 | D        | Reached * piety under Kikubaaqudgha
   379 | D        | Received a gift from Kikubaaqudgha
   385 | D        | Reached skill level 6 in Necromancy
   395 | D        | Reached ** piety under Kikubaaqudgha
   396 | D        | Reached XP level 2. HP: 11/15 MP: 4/8
   530 | D        | Learned a level 2 spell: Sublimation of Blood
   535 | D        | Slain by a gnoll

Illustrated notes

Levels and vault maps discovered:
D:        pitsprint [storerooms_1, entrance_room_1, metal_vault_2, armoury_1,
          mini_pit_1, grid_room_1, main_hall_1, silver_pit, the_coven_3,
          the_vestibule_1, steel_vault_3, golden_pit, hallway_of_sentries,
          crystal_vault_1, iron_vault_3, final_vault]

Skill      XL: |  1 |
---------------+----+-----
Necromancy     | 6 |  6.4
Dodging        | |  2.8
Stealth        | |  2.9
Spellcasting   | |  3.5

Action                   || total
-------------------------++-------
Melee: Dagger            ||    13
       Unarmed           ||     5
       Punch             ||     1
       Short sword       ||     1
 Cast: Pain              ||    10
  Use: Potion            ||     3
 Stab: Sleeping          ||     1
Armor: Robe              ||     7
Dodge: Dodged            ||    20
